AoeStats
← 文風

Arena

506154077Analyzed
1v1 RM · 19d ago on Sep 12, 2026· 42m 29s· 2 players
Game mode
Random Map
Map size
Tiny (2 player)
Population
200
Speed
Normal
Resources
Standard
Victory
Conquest
Starting age
Dark Age
Ending age
Imperial Age
RankedLock teamsTeams togetherTeam positionsShared explorationLock speedFull tech treeHidden civsTurbo modeCheats
Victory
Defeat
🇨🇿 Gurjaras · Czechia
1466
+14
🇭🇰 Turks · Hong Kong SAR China
1414
-14
文風
11:52 Feudal Age
12:57 Double-Bit Axe
15:48 Castle Age
13:51 Gold Mining
20:52 Imperial Age
18:49 Padded Archer Armor
19:46 Bow Saw
19:21 Horse Collar
22:10 Leather Archer Armor
29:02 Ring Archer Armor
33:58 Wheelbarrow
38:49 Husbandry
Dunker
11:01 Feudal Age
12:08 Double-Bit Axe
14:50 Castle Age
12:56 Horse Collar
16:28 Bow Saw
20:25 Wheelbarrow
19:35 Loom
21:18 Heavy Plow
22:32 Kshatriyas
22:32 Husbandry
23:57 Bloodlines
27:58 Scale Barding Armor
28:27 Forging
29:03 Chain Barding Armor
32:48 Iron Casting
36:31 Hand Cart
41:03 Imperial Age
39:04 Padded Archer Armor
39:59 Herbal Medicine
41:07 Elite Shrivamsha Rider
42:25 Plate Barding Armor
42:26 Conscription
Connection lost

Rejoining the realm…

Still unreachable

The connection could not be restored.

Session expired

The server has moved on; the page needs a fresh start.